Map: Dusk Towers

Players

capac

  • Race: Terran Terran
  • League: Gold

MisiekSR - Winner!

  • Race: Protoss Protoss
  • League: Gold

VOD

Have the link to the VOD?

Description

Time

  • Played on: Feb. 17, 2016, 10:49 a.m.
  • Length: 15:10
Show
View Real Time Build Order
Export as new Build Order

capac Terran 

Build Orders: MMM Bio 

Get SALT Encoding   

  12  0:01  SCV  
  13  0:13  SCV  
  14  0:18  Supply Depot  
  14  0:25  SCV  
  15  0:40  SCV  
  15  0:42  Barracks  
  16  0:48  Refinery  
  16  0:52  SCV  
  17  1:04  SCV  
  18  1:16  SCV  
  19  1:30  Supply Depot  
  19  1:31  Orbital Command  
  19  1:32  Marine  
  20  1:55  Marine  
  20  1:58  SCV, Command Center  
  22  2:10  SCV  
  22  2:13  Marine  
  24  2:31  Marine  
  24  2:36  SCV  
  26  2:47  Barracks, Factory  
  26  2:49  Barracks, Marine  
  27  3:02  SCV  
  27  3:07  Marine  
  27  3:11  Orbital Command  
  28  3:20  Refinery  
  28  3:23  Engineering Bay  
  28  3:24  Marine  
  29  3:28  SCV  
  30  3:35  Factory Tech Lab  
  30  3:38  Barracks Tech Lab  
  30  3:39  Barracks Reactor  
  30  3:42  Marine  
  30  3:47  Supply Depot  
  31  3:51  SCV  
  32  3:55  SCV  
  32  4:01  Siege Tank  
  36  4:07  SCV  
  36  4:09  SCV  
  38  4:10  Marine  
  38  4:14  Marine  
  38  4:16  Stimpack  
  40  4:20  Marine x2  
  42  4:26  SCV x2  
  44  4:32  Supply Depot  
  44  4:33  Marine  
  44  4:35  Marine  
  47  4:38  SCV x2  
  47  4:43  Marine x2  
  50  4:52  Refinery x2, Marine  
  51  4:53  Marine  
  51  4:55  Terran Infantry Weapons Level 1  
  51  4:59  Supply Depot  
  52  5:02  Marine x2  
  54  5:10  Marine  
  54  5:12  Starport, SCV x2  
  57  5:21  Marine x2  
  57  5:23  Marine  
  57  5:25  Siege Tank  
  63  5:29  Supply Depot  
  63  5:32  Marine  
  63  5:34  SCV x2  
  66  5:41  Marine x3  
  69  5:46  SCV  
  70  5:51  SCV  
  70  5:52  Supply Depot  
  70  5:55  Supply Depot  
  71  5:57  Siege Tank  
  71  5:58  SCV  
  71  6:00  Starport Reactor  
  71  6:03  SCV  
  76  6:05  Armory  
  76  6:10  SCV  
  77  6:12  Marine  
  77  6:13  Marine x3  
  77  6:15  SCV  
  77  6:17  Supply Depot  
  82  6:29  Marine, Siege Tank  
  82  6:31  Marine x2  
  89  6:40  SCV x2  
  89  6:44  Marine  
  89  6:45  Supply Depot  
  89  6:46  Medivac x2  
  95  6:47  Marine  
  95  6:49  Marine  
  95  6:51  Terran Infantry Weapons Level 2  
  97  6:55  Engineering Bay  
  97  7:00  Combat Shields  
  97  7:01  Siege Tank  
  97  7:04  SCV x2  
  102  7:11  Supply Depot  
  102  7:16  Medivac x2  
  102  7:17  Supply Depot  
  102  7:18  SCV  
  102  7:20  SCV  
  108  7:32  Marine  
  108  7:33  Marine x3  
  108  7:35  Siege Tank  
  115  7:38  Supply Depot  
  115  7:40  Terran Infantry Armor Level 1  
  115  7:43  Terran Vehicle Weapons Level 1  
  115  8:00  Command Center  
  115  8:41  Factory  
  73  9:17  Missile Turret  
  62  9:43  Raven  
  64  9:52  Barracks  
  64  9:53  Marine x4  
  64  9:57  Orbital Command  
  68  10:00  SCV x2  
  70  10:10  Marine  
  70  10:11  Marine  
  70  10:12  SCV x2  
  74  10:16  Missile Turret  
  74  10:24  SCV  
  74  10:26  SCV x2, Missile Turret  
  77  10:36  SCV  
  77  10:39  Missile Turret  
  76  10:44  Missile Turret  
  74  11:12  SCV x2  
  76  11:19  Missile Turret  
  76  11:24  SCV x2  
  78  11:36  SCV  
  79  11:42  Missile Turret  
  79  11:46  Raven  
  81  11:50  SCV  
  81  11:51  SCV  
  83  12:03  SCV x2  
  83  12:05  Refinery  
  83  12:06  Refinery  
  85  12:15  SCV  
  86  12:23  SCV  
  86  12:27  SCV  
  88  12:35  SCV  
  54  13:07  Marine x4  
  54  13:10  Factory Tech Lab  
  55  13:19  SCV x2  
  57  13:25  Marine x2  
  57  13:26  Marine  
  57  13:27  Marine x2  
  60  13:28  Marine  
  60  13:31  SCV x2  
  65  13:43  SCV x2  
  67  13:49  Marine  
  67  13:55  SCV  
  50  14:38  SCV x2  
  51  14:43  Marine x5  
  51  14:44  Marine  
  57  14:50  SCV x2  
Show
View Real Time Build Order
Export as new Build Order

MisiekSR Protoss - Winner!

Build Orders: Double Forge 

Get SALT Encoding   

  12  0:01  Probe (Chrono Boost)  
  14  0:16  Probe (Chrono Boost)  
  14  0:19  Pylon  
  14  0:26  Probe (Chrono Boost)  
  15  0:37  Probe (Chrono Boost)  
  15  0:38  Gateway  
  16  0:47  Probe (Chrono Boost)  
  17  0:52  Assimilator  
  17  0:58  Probe (Chrono Boost), Pylon  
  18  1:07  Assimilator  
  18  1:08  Probe (Chrono Boost)  
  19  1:19  Probe (Chrono Boost)  
  19  1:25  Cybernetics Core  
  20  1:31  Probe (Chrono Boost)  
  21  1:52  Nexus  
  22  1:54  Probe (Chrono Boost)  
  22  2:05  Mothership Core (Chrono Boost)  
  22  2:07  Stalker  
  26  2:13  Warp Gate  
  26  2:23  Gateway  
  26  2:32  Gateway  
  26  2:39  Pylon  
  26  2:44  Probe (Chrono Boost)  
  27  2:57  Probe (Chrono Boost)  
  28  3:04  Robotics Facility  
  28  3:08  Probe (Chrono Boost)  
  29  3:13  Pylon  
  29  3:15  Probe (Chrono Boost)  
  29  3:18  Probe (Chrono Boost)  
  31  3:26  Probe (Chrono Boost)  
  32  3:29  Probe (Chrono Boost)  
  33  3:35  Forge  
  33  3:38  Probe (Chrono Boost)  
  33  3:40  Probe (Chrono Boost)  
  35  3:54  Pylon  
  35  3:55  Pylon  
  35  3:57  Observer (Chrono Boost)  
  36  4:05  Probe (Chrono Boost)  
  37  4:12  Forge  
  37  4:19  Probe, Observer (Chrono Boost)  
  37  4:21  Probe  
  40  4:27  Pylon  
  40  4:30  Photon Cannon, Assimilator  
  40  4:34  Assimilator  
  40  4:38  Probe  
  40  4:39  Probe  
  40  4:45  Robotics Bay  
  42  4:48  Probe  
  42  4:49  Protoss Ground Armor Level 1 (Chrono Boost)  
  42  4:51  Probe  
  44  4:53  Protoss Ground Weapons Level 1 (Chrono Boost)  
  44  4:58  Adept x2  
  48  5:03  Adept  
  51  5:14  Probe  
  51  5:18  Probe  
  52  5:26  Stalker x3  
  58  5:32  Probe x2  
  60  5:44  Probe x2  
  62  6:02  Twilight Council  
  62  6:04  Pylon  
  62  6:07  Probe x2  
  62  6:09  Gateway  
  62  6:11  Gateway  
  64  6:13  Gateway  
  64  6:16  Stalker  
  64  6:17  Stalker x2  
  70  6:19  Probe x2  
  72  6:31  Probe x2  
  74  6:41  Protoss Ground Armor Level 2 (Chrono Boost)  
  74  6:45  Nexus  
  74  6:46  Protoss Ground Weapons Level 2 (Chrono Boost)  
  74  6:55  Probe x2, Dark Shrine  
  74  7:00  Warp Prism  
  78  7:07  Probe  
  79  7:18  Pylon  
  79  7:19  Pylon  
  79  7:23  Pylon  
  79  7:24  Assimilator  
  79  7:26  Pylon  
  79  7:27  Probe, Assimilator  
  79  7:28  Probe  
  81  7:31  Stalker  
  81  7:32  Stalker  
  85  7:39  Probe  
  85  7:41  Probe  
  87  7:52  Probe  
  87  7:53  Probe  
  87  7:55  Probe  
  90  8:04  Probe  
  91  8:05  Probe  
  91  8:06  Probe  
  91  8:07  Photon Cannon  
  91  8:10  Photon Cannon  
  93  8:13  Photon Cannon  
  92  8:29  Dark Templar x4  
  100  8:35  Probe  
  100  8:37  Probe x2  
  103  8:49  Probe x2  
  105  8:57  Zealot x2  
  105  9:05  Protoss Ground Weapons Level 3 (Chrono Boost)  
  105  9:19  Zealot x6  
  109  9:36  Protoss Ground Armor Level 3 (Chrono Boost)  
  97  9:42  Dark Templar x3  
  97  9:43  Dark Templar x3  
  109  9:54  Gateway  
  109  9:57  Gateway  
  109  10:00  Gateway  
  109  10:03  Gateway  
  109  10:07  Gateway  
  109  10:09  Gateway  
  109  10:12  Pylon  
  109  10:15  Dark Templar  
  109  10:16  Dark Templar x3  
  109  10:18  Pylon  
  117  10:22  Probe  
  117  10:23  Probe x2  
  117  10:28  Nexus  
  121  10:35  Probe  
  121  10:49  Dark Templar x3  
  123  11:08  Zealot  
  123  11:09  Zealot x2  
  117  11:37  Pylon  
  117  11:40  Pylon  
  117  11:42  Pylon  
  117  11:46  Assimilator  
  117  11:52  Assimilator  
  117  11:56  Pylon  
  117  11:58  Stalker  
  117  11:59  Stalker x6, Pylon  
  117  12:00  Stalker x4  
  117  12:01  Stalker  
  141  12:04  Protoss Shields Level 1 (Chrono Boost)  
  141  12:11  Colossus (Chrono Boost)  
  147  12:32  Archon  
  147  12:33  Archon x2  
  147  12:34  Dark Templar  
  147  12:35  Dark Templar x4  
  147  12:36  Dark Templar x2  
  161  12:38  Zealot  
  161  12:39  Zealot x4  
  171  12:44  Charge (Chrono Boost)  
  147  13:11  Dark Templar  
  147  13:12  Dark Templar x3  
  155  13:13  Dark Templar  
  155  13:15  Zealot  
  155  13:16  Zealot x6  
  171  13:23  Colossus  
  171  13:25  Probe  
  171  13:27  Probe x2  
  178  14:16  Dark Templar  
  178  14:17  Dark Templar x6  
  178  14:20  Archon x3  
  178  14:21  Archon x2  
  178  14:22  Archon  
Tags
 
Composition
MMM Bio
League
GoldGold
Matchup
PvT
Add a new tag
Caveats
  • Supply blocks, unpowered buildings, or Contaminate may cause inaccurate times.
  • Supply counts are checked every 10 seconds.